 Dungeon Crawl Stone Soup version 0.32-a0-42-ga30500b4d3 (webtiles) character file.

Game seed: 16585316353526161906

410 cforsyth the Trooper (level 7, -5/36 (54) HPs)
             Began as a Djinni Warper on Feb 3, 2024.
             Slain by Grinder (6 damage)
             ... on level 4 of the Dungeon.
             The game lasted 00:05:03 (3712 turns).

cforsyth the Trooper (Djinni Warper)                Turns: 3712, Time: 00:05:03

HP:   -5/36 (54)    AC:  3    Str: 10    XL:     7   Next: 13%
Gold: 198           EV: 11    Int: 16    God:
                    SH:  0    Dex: 13

rFire   + + +        a - +0 falchion
rCold   x . .        (no shield)
rNeg    . . .        b - +0 leather armour
rPois   ∞            (no helmet)
rElec   .            (no cloak)
rCorr   .            (no gloves)
SInv    .            (boots unavailable)
Will    .....        (no amulet)
Stlth   +            q - ring of protection from fire
HPRegen 0.26/turn    (no ring)
MPRegen 0.00/turn

%: infuse magic (-6 HP)
@: on berserk cooldown, flying, slowed, very heavily drained, very slow
A: sickness immunity, fire resistance 2, cold vulnerability 1, float, innate
caster, HP casting, extra vitality 1
a: no special abilities


You were on level 4 of the Dungeon.
You visited 1 branch of the dungeon, and saw 4 of its levels.

You collected 198 gold pieces.

Inventory:

Hand Weapons
 a - a +0 falchion (weapon)
Missiles
 d - 6 darts of dispersal (quivered)
 e - 5 poisoned darts
Armour
 b - a +0 leather armour (worn)
Jewellery
 q - a ring of protection from fire (left hand)
Scrolls
 c - 3 scrolls of blinking
 g - 2 scrolls of amnesia {unknown}
 h - 2 scrolls of identify {unknown}
 k - 3 scrolls of teleportation
 l - a scroll of butterflies {unknown}
 m - a scroll of vulnerability {unknown}
 o - a scroll of revelation {unknown}
 p - a scroll of fog {unknown}
 s - a scroll of torment {unknown}
Potions
 i - a potion of heal wounds {unknown}
 j - a potion of ambrosia {unknown}
 n - a potion of attraction {unknown}
 r - a potion of might {unknown}
 t - 2 potions of cancellation {unknown}
 u - 2 potions of magic {unknown}


   Skills:
 + Level 5.2 Fighting
 - Level 1.7 Long Blades
 - Level 0.7 Throwing
 - Level 1.0 Armour
 - Level 2.1 Dodging
 + Level 4.7 Spellcasting
 + Level 4.7 Conjurations
 + Level 4.7 Hexes
 + Level 4.7 Summonings
 + Level 4.7 Necromancy
 + Level 4.7 Translocations
 + Level 4.7 Fire Magic
 + Level 4.7 Ice Magic
 + Level 4.7 Air Magic
 + Level 4.7 Earth Magic
 + Level 4.7 Alchemy


You knew the following spells:

 Your Spells              Type           Power      Damage    Failure   Level
a - Blink                 Tloc           36%        N/A       4%          2
b - Lesser Beckoning      Tloc           36%        N/A       4%          2
c - Teleport Other        Tloc           18%        N/A       10%         3
d - Manifold Assault      Tloc           18%        N/A       30%         4
e - Vhi's Electric Charg  Tloc/Air       36%        N/A       30%         4
f - Kiss of Death         Conj/Necr      72%        2d10      3%          1
g - Ensorcelled Hibernat  Hex/Ice        36%        N/A       4%          2
h - Searing Ray           Conj           36%        2d5       4%          2
Your spell library was empty.

Dungeon Overview and Level Annotations

Branches:
Dungeon (4/15)
 Temple: D:4-7

Altars:
Wu Jian
Yredelemnul

Annotations:
D:4 Grinder


Innate Abilities, Weirdness & Mutations

You are immune to sickness and miasma.
You are immune to poison.
Your flesh is very heat resistant. (rF++)
You are vulnerable to cold. (rC-)
You float through the air rather than walking.
You learn spells naturally, not from books.
Your magical power is your life essence.
You have superior vitality. (+4 MHP)


Message History

Grinder is lightly wounded.
Grinder misses you.
You slash Grinder!
Grinder is moderately wounded.
Grinder gestures at you. Pain shoots through your body!
Your magical contamination has completely faded away.
You barely miss Grinder.
Grinder is moderately wounded.
Grinder hits you but does no damage.
You closely miss Grinder.
Grinder is moderately wounded.
Grinder gestures at you. Pain shoots through your body! Grinder hits you.
You barely miss Grinder.
Grinder is moderately wounded.
Grinder barely misses you.
You hit Grinder.
Grinder is moderately wounded.
Grinder hits you!
* * * LOW HITPOINT WARNING * * *
You writhe in agony.
* * * LOW HITPOINT WARNING * * *
A red film seems to cover your vision as you go berserk!
You feel yourself moving faster!
You feel mighty! Grinder gestures at you.
You struggle to resist.
You slash Grinder!
Grinder is heavily wounded.
Grinder blinks!
You feel a strong urge to attack something.
You barely miss Grinder.
Grinder is heavily wounded.
You are no longer berserk.
You are exhausted.
You feel yourself slow down. Grinder hits you.
* * * LOW HITPOINT WARNING * * *
You writhe in agony.
You die...
Grinder sighs, "Dead already?
I want a refund."

#.#...#.##....
#.#.#.#......$
#=....+......
#..#.#......
#.....##+#####
#..##..#[........#
>........<........#
.#######..........+
#....@.....#
#....5.....#
#..........#
#..........+
##.........#
#.........#
#.........#
#######+###


You could see Grinder.

Vanquished Creatures
  Sigmund (D:2)
  Blork the orc (D:4)
  A howler monkey (D:3)
  A bombardier beetle (D:3)
  Jessica (D:2)
  An orc wizard (D:3)
  3 dart slugs
  2 ribbon worms (D:2)
  7 orcs (D:3)
  7 bats
  3 giant cockroaches
  A goblin (D:2)
  4 hobgoblins
  A jackal (D:2)
  3 quokkas
  4 ball pythons
  2 frilled lizards
  6 kobolds (D:1)
  4 rats
53 creatures vanquished.

Notes
Turn   | Place    | Note
-------+----------+-------------------------------------------
     0 | D:1      | cforsyth the Djinni Warper began the quest for the Orb.
     0 | D:1      | cforsyth set off with the following spells memorised:
                  | Blink, Lesser Beckoning, Teleport Other, Manifold Assault,
                  | Vhi's Electric Charge.
     0 | D:1      | Reached XP level 1. HP: 18/18 MP: 0/0
   356 | D:1      | Reached XP level 2. HP: 23/23 MP: 0/0
   990 | D:2      | Reached XP level 3. HP: 29/29 MP: 0/0
   990 | D:2      | Learned a level 1 spell: Kiss of Death
  1088 | D:2      | Noticed Sigmund
  1100 | D:2      | Killed Sigmund
  1101 | D:2      | Reached skill level 4 in Fighting
  1101 | D:2      | Reached XP level 4. HP: 30/37 MP: 0/0
  1101 | D:2      | Reached XP level 5. HP: 33/41 MP: 0/0
  1101 | D:2      | Learned a level 2 spell: Ensorcelled Hibernation
  1216 | D:2      | Found a faded altar of an unknown god.
  1232 | D:2      | Reached XP level 6. HP: 46/47 MP: 0/0
  1783 | D:2      | Noticed Jessica
  1803 | D:2      | Killed Jessica
  2680 | D:3      | Found an ornate altar of the Wu Jian Council.
  3014 | D:3      | Reached skill level 5 in Fighting
  3210 | D:3      | Found a basalt altar of Yredelemnul.
  3247 | D:4      | Noticed Grinder
  3248 | D:4      | Noticed Blork the orc
  3248 | D:4      | Paralysed by Grinder for 3 turns
  3256 | D:4      | Killed Blork the orc
  3256 | D:4      | Paralysed by Grinder for 3 turns
  3257 | D:4      | Reached XP level 7. HP: 20/36 MP: 0/0
  3257 | D:4      | Learned a level 2 spell: Searing Ray
  3712 | D:4      | HP: 1/36 [Grinder (2)]
  3712 | D:4      | Slain by Grinder

Illustrated notes

Levels and vault maps discovered:
D:1:      lightli_arrival_windingriver, layout_basic
D:2:      layout_basic, hellmonk_ecumenical_altar_arch_garden,
          chequers_serial_rivers_micro_c, minmay_3d_cube, uniq_sigmund,
          uniq_jessica
D:3:      layout_loops_ring, nicolae_wu_jian_wuxing_cycle,
          yredelemnul_forgotten_temple_becter
D:4:      layout_basic, nicolae_gozag_cash_rules_everything_around_me,
          uniq_duvessa, uniq_blork_the_orc, uniq_grinder

Skill      XL: |  1  2  3  4  5  6 |
---------------+-------------------+-----
Spellcasting   | 3 4 |  4.7
Conjurations   | 3 4 |  4.7
Hexes          | 3 4 |  4.7
Summonings     | 3 4 |  4.7
Necromancy     | 3 4 |  4.7
Translocations | 3 4 |  4.7
Fire Magic     | 3 4 |  4.7
Ice Magic      | 3 4 |  4.7
Air Magic      | 3 4 |  4.7
Earth Magic    | 3 4 |  4.7
Alchemy        | 3 4 |  4.7
Fighting       | 4 5 |  5.2
Long Blades    | |  1.7
Throwing       | |  0.7
Armour         | |  1.0
Dodging        | |  2.1

Action                     |  1- 3 |  4- 6 |  7- 9 || total
---------------------------+-------+-------+-------++-------
  Melee: Falchion          |    73 |   150 |    11 ||   234
         Punch             |     2 |     3 |       ||     5
  Throw: Dart              |       |     1 |       ||     1
   Cast: Kiss of Death     |       |     3 |       ||     3
         Vhi's Electric Ch |       |     1 |     1 ||     2
         Ensorcelled Hiber |       |     1 |       ||     1
    Use: Potion            |     1 |       |     1 ||     2
         Scroll            |       |       |     1 ||     1
   Stab: Sleeping          |       |     1 |       ||     1
 Armour: Leather armour    |    60 |   107 |     6 ||   173
  Dodge: Dodged            |    58 |   102 |     6 ||   166

Table legend: (Time is in decaauts)
 A = Elapsed time spent in this place.
 B = Non-inter-level travel time spent in this place.
 C = Inter-level travel time spent in this place.
 D = Time resting spent in this place.
 E = Time spent auto-exploring this place.
 F = Levels seen in this place.
 G = Mean time per level.
                   A        B        C        D        E       F      G
               +--------+--------+--------+--------+--------+-----+--------+
         Total |   3772 |   3713 |     59 |    530 |   2571 |   4 |  943.0 |
       Dungeon |   3772 |   3713 |     59 |    530 |   2571 |   4 |  943.0 |
               +--------+--------+--------+--------+--------+-----+--------+

Top non-repeatable levels by time:
     D:3: 1392 daAuts
     D:2: 1258 daAuts
     D:1: 1089 daAuts
     D:4: 31 daAuts
